 Dungeon Crawl Stone Soup version 0.29-a0-830-gcb1280458a (webtiles) character file.

Game seed: 3716287085923617052

65 porpoise the Poker (level 4, -1/41 HPs)
             Began as a Hill Orc Monk on July 12, 2022.
             Slain by a gnoll
             ... wielding a +0 spear
              (6 damage)
             ... on level 1 of the Dungeon.
             The game lasted 00:04:19 (2127 turns).

porpoise the Poker (Hill Orc Monk)                  Turns: 2127, Time: 00:04:20

Health: -1/41      AC:  2    Str: 15    XL:     4   Next: 14%
Magic:  4/4        EV: 12    Int: 10    God:
Gold:   75         SH:  0    Dex: 13    Spells: 3/3 levels left

rFire   + . .      SeeInvis .   a - +0 spear
rCold   + . .      Faith    .   (no shield)
rNeg    . . .      Spirit   .   k - +0 robe
rPois   .          Reflect  .   (no helmet)
rElec   .          Harm     .   m - scarf {rC+ rF+}
rCorr   .          Rampage  .   (no gloves)
Will    .....                   (no boots)
Stlth   +.........              (no amulet)
HPRegen 0.13/turn               (no ring)
MPRegen 0.09/turn               (no ring)

@: confused, ambrosia-drunk
A: no striking features
a: no special abilities


You were on level 1 of the Dungeon.
You visited 1 branch of the dungeon, and saw 2 of its levels.

You collected 75 gold pieces.

Inventory:

Hand Weapons
 a - a +0 spear (weapon)
 b - a +0 sling
Missiles
 f - 3 boomerangs (quivered)
 g - 3 poisoned darts
Armour
 k - a +0 robe (worn)
 m - a scarf of resistance (worn)
Jewellery
 n - a +6 ring of intelligence
Scrolls
 e - a scroll of poison {unknown}
 h - a scroll of silence {unknown}
 i - a scroll of magic mapping {unknown}
 j - a scroll of torment {unknown}
 l - a scroll of enchant armour {unknown}
 o - a scroll of noise {unknown}
 r - a scroll of fog {unknown}
 s - a scroll of teleportation {unknown}
Potions
 d - a potion of might {unknown}
 p - a potion of curing {unknown}
 q - a potion of heal wounds {unknown}


   Skills:
 + Level 4.4 Fighting
 * Level 4.8 Polearms
 - Level 2.4 Dodging
 - Level 1.5 Stealth


You had 3 spell levels left.
You didn't know any spells.
Your spell library contained the following spells:

 Spells                   Type           Power      Damage    Failure   Level
 Apportation              Tloc           0%         N/A       36%         1
 Alistair's Intoxication  Tmut/Pois      0%         N/A       100%        5


Dungeon Overview and Level Annotations

Branches:
Dungeon (2/15)

Altars:
Nemelex Xobeh


Message History

The gnoll barely misses you.
There is a stone staircase leading up here.
The gnoll hits you from afar with a +0 halberd!
The gnoll completely misses you.
You climb upwards.
There is a stone staircase leading down here.
You hit the gnoll but do no damage. The gnoll hits you with a +0 spear.
You hit the gnoll.
The gnoll is lightly wounded.
You hit the gnoll but do no damage.
The gnoll is lightly wounded.
The gnoll hits you with a +0 spear.
You barely miss the gnoll.
The gnoll is lightly wounded.
The gnoll closely misses you.
You hit the gnoll but do no damage.
The gnoll is lightly wounded.
The gnoll hits you with a +0 spear!
You hit the gnoll but do no damage.
The gnoll is lightly wounded.
The gnoll barely misses you.
You hit the gnoll.
The gnoll is heavily wounded.
The gnoll hits you with a +0 spear.
You barely miss the gnoll.
The gnoll is heavily wounded.
The gnoll hits you with a +0 spear!
You hit the gnoll but do no damage.
The gnoll is heavily wounded.
You closely miss the gnoll.
The gnoll is heavily wounded.
The gnoll hits you with a +0 spear!
* * * LOW HITPOINT WARNING * * *
You hit the gnoll but do no damage.
The gnoll is heavily wounded.
The gnoll hits you with a +0 spear.
* * * LOW HITPOINT WARNING * * *
You are confused.
You feel invigorated. The gnoll hits you with a +0 spear.
You die...

#.......#.......#......
#.#####.#.#####.#.#####
#.#...#.#.#...#.#.#...#
#.#.#...#.#.#...#.#.#..
#.#.#####.#.#####.#.###
#.#.......#.......#....
#.#####################
#.................#
######@...........###
#..g......###...#
#............##.###
#..................
#####...########...
#####...########...
#..##.⌠............
#..##..............
#..##..#########...


You could see a gnoll.

Vanquished Creatures
  An adder (D:2)
  A gnoll (D:1)
  A worm (D:2)
  2 dart slugs
  4 endoplasms
  3 giant cockroaches
  4 goblins
  4 hobgoblins
  3 quokkas
  4 ball pythons
  2 bats
  2 frilled lizards
  3 kobolds
  2 rats
36 creatures vanquished.

Notes
Turn   | Place    | Note
-------+----------+-------------------------------------------
     0 | D:1      | porpoise the Hill Orc Monk began the quest for the Orb.
     0 | D:1      | Reached XP level 1. HP: 19/19 MP: 1/1
   121 | D:1      | Reached XP level 2. HP: 27/27 MP: 2/2
   382 | D:1      | Found a faded altar of an unknown god.
   882 | D:2      | Reached XP level 3. HP: 30/33 MP: 3/3
  1054 | D:2      | Found a sparkling altar of Nemelex Xobeh.
  1775 | D:1      | Reached XP level 4. HP: 5/41 MP: 4/4
  2126 | D:1      | HP: 2/41 [gnoll/+0 spear (2)]
  2127 | D:1      | Slain by a gnoll

Illustrated notes

Levels and vault maps discovered:
D:1:      dpeg_arrival_rooms_a, layout_rooms, ebering_ecumenical_altar_hall,
          patterned_corridor
D:2:      minmay_wonky_spiral, layout_basic, basic_altar

Skill      XL: |  1  2 |
---------------+-------+-----
Fighting       | 4 |  4.4
Polearms       | 4 |  4.8
Dodging        | |  2.4
Stealth        | |  1.5

Action                   |  1- 3 |  4- 6 || total
-------------------------+-------+-------++-------
Melee: Spear             |   153 |    13 ||   166
 Fire: Sling             |    11 |       ||    11
  Use: Potion            |       |     1 ||     1
 Stab: Sleeping          |     6 |       ||     6
Armor: Robe              |    12 |       ||    12
Dodge: Dodged            |    58 |     5 ||    63

Table legend: (Time is in decaauts)
 A = Elapsed time spent in this place.
 B = Non-inter-level travel time spent in this place.
 C = Inter-level travel time spent in this place.
 D = Time resting spent in this place.
 E = Time spent auto-exploring this place.
 F = Levels seen in this place.
 G = Mean time per level.
                   A        B        C        D        E       F      G
               +--------+--------+--------+--------+--------+-----+--------+
         Total |   2110 |   2029 |     81 |    858 |    833 |   2 | 1055.0 |
       Dungeon |   2110 |   2029 |     81 |    858 |    833 |   2 | 1055.0 |
               +--------+--------+--------+--------+--------+-----+--------+

Top non-repeatable levels by time:
     D:1: 1185 daAuts
     D:2: 924 daAuts
